 Dungeon Crawl Stone Soup version 0.17.0-28-g6e173f8 (webtiles) character file.

3317 4thArraOfDagon the Cleaver (level 9, 0/124 HPs)
             Began as a Minotaur Berserker on Nov 22, 2015.
             Was a Priest of Trog.
             Killed from afar by Erolcha (40 damage)
             ... with a crystal spear
             ... on level 12 of the Dungeon.
             The game lasted 00:10:26 (1789 turns).

4thArraOfDagon the Cleaver (Minotaur Berserker)     Turns: 1789, Time: 00:10:26

Health: 0/124      AC: 11    Str: 25    XL:     9   Next: 71%
Magic:  8/8        EV: 11    Int:  7    God:    Trog [***...]
Gold:   226        SH:  0    Dex: 10    Spells: 0 memorised, 8 levels left

rFire  x . .     SeeInvis .     i - +1 war axe
rCold  . . .     Clarity  .     m - +5 ring mail "Ylluro" {rPois rF- MR++ Str-2}
rNeg   . . .     SustAt   .     (no shield)
rPois  +         Gourm    .     (helmet restricted)
rElec  .         Spirit   .     (no cloak)
rCorr  .         Warding  .     (no gloves)
rMut   .         Stasis   .     (no boots)
MR     ++...                    G - amulet of faith
Stlth  ..........               (no ring)
                                F - ring of loudness (curse)

@: berserking (expiring), vulnerable, regenerating, very quick, very resistant
to hostile enchantments, extremely unstealthy
A: retaliatory headbutt, horns 2
a: Berserk, Trog's Hand, Burn Spellbooks, Renounce Religion


You were on level 12 of the Dungeon.
You worshipped Trog.
Trog was most pleased with you.
You were not hungry.

You visited 2 branches of the dungeon, and saw 13 of its levels.

You collected 226 gold pieces.

Inventory:

Hand Weapons
 i - a +1 war axe (weapon)
Missiles
 n - 6 exploding tomahawks
 x - a throwing net (quivered)
Armour
 m - the +5 ring mail "Ylluro" (worn) {rPois rF- MR++ Str-2}
   (You found it on level 9 of the Dungeon)

   It affects your strength (-2).
   It makes you vulnerable to fire.
   It protects you from poison.
   It affects your resistance to hostile enchantments.
 v - the +5 leather armour "Jinatika" {rCorr Int+3, unknown}
   (You found it on level 5 of the Dungeon)

   It affects your intelligence (+3).
   It protects you from acid and corrosion.
Jewellery
 d - an uncursed ring of fire
 e - an uncursed ring of positive energy
 F - a cursed ring of loudness (left hand)
 G - an amulet of faith (around neck)
Wands
 o - a wand of random effects (43)
 y - a wand of fireball (8)
 D - a wand of polymorph (11)
Scrolls
 a - a scroll of recharging
 j - 3 scrolls of remove curse
 q - 4 scrolls of identify {unknown}
 r - a scroll of fog {unknown}
 t - a scroll of teleportation {unknown}
 u - a scroll of magic mapping
Potions
 h - a potion of agility
 k - 2 potions of poison {unknown}
 p - a potion of lignification {unknown}
 s - a potion of mutation {unknown}
 z - 2 potions of heal wounds
 A - a potion of degeneration {unknown}
 B - a potion of might {unknown}
 E - a potion of curing {unknown}
Comestibles
 c - 3 bread rations
 f - 2 beef jerkies
 g - 3 meat rations
 l - 3 chunks of flesh


   Skills:
 + Level 9.0 Fighting
 * Level 12.1 Axes
 + Level 8.4 Armour
 - Level 2.1 Dodging


You had 8 spell levels left.
You didn't know any spells.

Dungeon Overview and Level Annotations

Branches:
Dungeon (12/15)              Lair (1/8) D:8
 Temple: D:4-7          Orc: D:9-12

Altars:
Gozag
Qazlal
Trog
Zin

Portals:
Ice
Cave: D:12

Annotations:
D:12 Erolcha


Innate Abilities, Weirdness & Mutations

You reflexively headbutt those who attack you in melee.
You have a pair of horns on your head.


Message History

You kill the ice beast!
Trog accepts your kill.
You slash the ice beast!
You kill the ice beast!
Trog accepts your kill.
Your Axes skill increases to level 12!
Unknown command.
You slice the ice beast!!
You kill the ice beast!
Trog accepts your kill.
Your Fighting skill increases to level 9!
Erolcha points at you and mumbles some strange words.
The bolt of cold hits you!
Unknown command.
Unknown command.
You feel a strong urge to attack something.
Unknown command.
Erolcha points at you and mumbles some strange words.
The crystal spear hits you!
You die...

**,,,,,,,,,,,,,..........#.,..?,,
**,,,,,,,.................,......
**,,,,,,,................##...##.
**,,,,,,,........∩............##.
**,,,,,,,........................
,,,,,,,,,...........>............
**,,,,,,,................#...#**#
**,,,,,,,....................# #
**,,,,,,,......O@............# ##
,,,,,,,,,.................†..# #.
**,,,,,,,............)..###..###.
*****,**,#.##........##..........
,,,**,,,,.,,#.###.##....####.###.
**,**,,,,,,,#.* #.##..#.# #.###.
,,,,,,,,,,,,#,* #.....#.#**#.#...
,,,,**,,,,,,*,* #.##..#,,,,..#.#.
,*,,**,,,,,,*,* *,*#..#,,*,....#.


You could see Erolcha.

Vanquished Creatures
  A spiny frog (Lair:1)
  A mottled dragon (D:9)
  2 black bears
  An orc warrior (D:9)
  2 phantoms
  A water moccasin (Lair:1)
  2 centaurs (D:9)
  A sky beast (D:8)
  8 ice beasts (D:12)
  2 ogres (D:8)
  A brain worm (D:12)
  3 giant frogs
  A scorpion (D:9)
  A giant frog zombie (D:6)
  A centaur skeleton (D:4)
  7 orc priests
  A jelly (D:9)
  A giant frog skeleton (D:8)
  2 hounds (D:9)
  6 orc wizards
  A gnoll shaman (D:4)
  An iguana (D:12)
  3 worker ants
  A quasit (D:8)
  A hound skeleton (D:9)
  A worker ant zombie (D:8)
  2 adders
  5 river rats
  6 gnolls (D:4)
  An ooze (D:1)
  An adder zombie (D:5)
  2 worms (D:3)
  3 adder skeletons
  14 orcs
  A giant cockroach (D:1)
  6 goblins
  A hobgoblin (D:1)
  2 jackals (D:3)
  2 kobolds
  A quokka (D:8)
  A ball python (D:1)
  6 bats
  A giant gecko zombie (D:8)
  2 giant newts
  A jackal skeleton (D:5)
  A quokka skeleton (D:5)
  13 rats
  5 fungi (D:8)
130 creatures vanquished.

Vanquished Creatures (others)
  3 fungi (D:8)
3 creatures vanquished.

Grand Total: 133 creatures vanquished

Notes
Turn   | Place    | Note
--------------------------------------------------------------
     0 | D:1      | 4thArraOfDagon the Minotaur Berserker began the quest for the Orb.
     0 | D:1      | Reached XP level 1. HP: 19/19 MP: 0/0
    73 | D:1      | Reached skill level 4 in Axes
    99 | D:1      | Reached XP level 2. HP: 22/27 MP: 1/1
   218 | D:3      | Noticed a moth of wrath
   220 | D:3      | Found a bloodstained altar of Trog.
   235 | D:3      | Reached ** piety under Trog
   266 | D:3      | Reached XP level 3. HP: 26/33 MP: 2/2
   282 | D:3      | Reached skill level 5 in Axes
   337 | D:3      | Found a glowing silver altar of Zin.
   470 | D:3      | Reached XP level 4. HP: 38/41 MP: 3/3
   558 | D:4      | Reached XP level 5. HP: 11/47 MP: 4/4
   572 | D:4      | Reached skill level 6 in Axes
   573 | D:4      | Reached skill level 5 in Fighting
   627 | D:5      | Entered Level 5 of the Dungeon
   666 | D:5      | Reached XP level 6. HP: 56/56 MP: 5/5
   743 | D:5      | Got a fine leather armour
   811 | D:5      | Found an opulent altar of Gozag.
   847 | D:6      | Reached skill level 7 in Axes
   900 | D:6      | You fall through a shaft for 2 floors!
   900 | D:8      | Found a staircase to the Lair.
   919 | Lair:1   | Entered Level 1 of the Lair of Beasts
   919 | Lair:1   | Noticed a spiny frog
   921 | Lair:1   | Noticed a water moccasin
   921 | Lair:1   | Noticed a fire bat
   926 | Lair:1   | Killed a water moccasin
   926 | Lair:1   | Reached XP level 7. HP: 62/62 MP: 6/6
   937 | Lair:1   | Killed a spiny frog
   937 | Lair:1   | Reached skill level 8 in Axes
   937 | Lair:1   | Reached skill level 5 in Armour
   949 | Lair:1   | Noticed a spiny frog
   953 | D:8      | HP: 2/64 [worker ant (2)]
   965 | D:8      | HP: 3/64 [black bear (2)]
   970 | D:8      | Reached XP level 8. HP: 28/71 MP: 7/7
  1090 | D:8      | Reached skill level 9 in Axes
  1304 | D:9      | Reached skill level 10 in Axes
  1356 | D:9      | Got a scorched ring mail
  1375 | D:9      | Identified the +5 ring mail "Ylluro" {rPois rF- MR++ Str-2} (You found it on level 9 of the Dungeon)
  1395 | D:9      | Reached *** piety under Trog
  1493 | D:9      | Reached XP level 9. HP: 76/81 MP: 8/8
  1524 | D:9      | Found a stormy altar of Qazlal.
  1561 | D:9      | Reached skill level 11 in Axes
  1678 | D:10     | Entered Level 10 of the Dungeon
  1771 | D:12     | Found a frozen archway.
  1773 | D:12     | Noticed Erolcha
  1785 | D:12     | Reached skill level 12 in Axes
  1789 | D:12     | Killed from afar by Erolcha

Action                   |  1- 3 |  4- 6 |  7- 9 || total
-------------------------+-------+-------+-------++-------
Melee: Hand axe          |    21 |       |       ||    21
       War axe           |    19 |    52 |   117 ||   188
Throw: Throwing net      |       |       |     4 ||     4
Invok: Berserk           |     3 |     4 |     7 ||    14
       Trog's Hand       |     1 |     4 |     8 ||    13
  Use: Scroll            |       |     2 |     4 ||     6
       Potion            |       |       |     3 ||     3
  Eat: Chunk             |     2 |     5 |    12 ||    19
